 Dungeon Crawl Stone Soup version 0.32-a0-361-g289a535e89 (webtiles) character file.

Game seed: 5483537621113634430

39 Asceticacid the Chopper (level 3, 29/29 HPs)
             Began as a Ghoul Gladiator on Feb 18, 2024.
             Quit the game on level 1 of the Dungeon.
             The game lasted 00:01:30 (554 turns).

Asceticacid the Chopper (Ghoul Gladiator)            Turns: 554, Time: 00:01:31

Health: 29/29      AC:  4    Str: 17    XL:     3   Next: 47%
Magic:  3/3        EV: 12    Int:  7    God:
Gold:   57         SH:  0    Dex: 12    Spells: 2/2 levels left

rFire   . . .        a - +0 war axe
rCold   + . .        (no shield)
rNeg    + + +        b - +0 leather armour
rPois   ∞            c - +0 helmet
rElec   .            (no cloak)
rCorr   .            (no gloves)
SInv    .            (no boots)
Will    .....        (no amulet)
Stlth   +            (no ring)
HPRegen 0.00/turn    (no ring)
MPRegen 0.08/turn

%: no passive effects
@: inhibited regen
A: claws 1, cold resistance 1, negative energy resistance 3, inhibited
regeneration, torment resistance 2, devour on kill
a: no special abilities


You were on level 1 of the Dungeon.
You visited 1 branch of the dungeon, and saw 1 of its levels.

You collected 57 gold pieces.

Inventory:

Hand Weapons
 a - a +0 war axe (weapon)
Missiles
 d - 3 throwing nets (quivered)
 e - a javelin
Armour
 b - a +0 leather armour (worn)
 c - a +0 helmet (worn)
Scrolls
 f - a scroll of fog {unknown}
 g - a scroll of teleportation {unknown}
 h - 2 scrolls of amnesia {unknown}
 j - a scroll of identify {unknown}
Potions
 i - a potion of degeneration {unknown}
 k - a potion of berserk rage {unknown}


   Skills:
 + Level 2.2 Fighting
 + Level 3.5 Axes
 - Level 1.8 Throwing
 + Level 0.1 Armour
 + Level 3.1 Dodging
 + Level 0.2 Stealth


You had 2 spell levels left.
You didn't know any spells.
Your spell library contained the following spells:

 Spells                   Type           Power      Damage    Failure   Level
 Scorch                   Fire           0%         2d5       63%         2
 Flame Wave               Conj/Fire      0%         2d4       99%         4
 Summon Cactus Giant      Summ           0%         N/A       100%        6


Dungeon Overview and Level Annotations

Branches:
Dungeon (1/15)

Altars:


Innate Abilities, Weirdness & Mutations

You are immune to poison.
You have sharp fingernails.
Your flesh is cold resistant. (rC+)
You are immune to negative energy. (rN+++)
You do not regenerate when monsters are visible.
You are immune to unholy pain and torment.
You thrive by killing the living.


Message History

You see here a +0 club.
You see here a hobgoblin corpse.
You now have 57 gold pieces (gained 2).
j - a scroll labelled RARHOA NOKHOACI
k - an orange potion A rat comes into view.
A rat is nearby!
A rat is nearby!
A rat is nearby!
Found a stone staircase leading down.
The rat closely misses you.
You closely miss the rat. The rat barely misses you.
You slash the rat!
You kill the rat!
No target in view!
A kobold comes into view. It is wielding a +0 short sword.
The kobold shouts!
You see here a rat corpse.
The kobold closely misses you.
A kobold is nearby!
A kobold is nearby!
You barely miss the kobold.
The kobold hits you with a +0 short sword.
The kobold closely misses you.
You slash the kobold!
You kill the kobold!
You feel better.
Things that are here:
a +0 short sword; a stone; a kobold corpse No target in view!
Things that are here:
a +0 short sword; a stone; a kobold corpse You see here a rat corpse.
A frilled lizard comes into view.
Found a stone staircase leading down.
A frilled lizard is nearby!
A frilled lizard is nearby!
A frilled lizard is nearby!
Unknown command.
Are you sure you want to abandon this character and quit the game? (Confirm with "yes".)

.## #.# ###....# #.#
..###.# #......##
#.#
#..##.###.###...#
#.##
##........####..####
#..)
####.#............#
####
#####.##.##........#
#
##....##.##........#
.#.#####.##.......)#
.).......##.....@..#
......#####........#
..............##.###
......#######.#...
.....## #. ...
.....# ..... .....#
..... .....# ##...l>
.....#


You could see a frilled lizard (asleep).

Vanquished Creatures
  An endoplasm (D:1)
  3 giant cockroaches (D:1)
  A goblin (D:1)
  3 hobgoblins (D:1)
  A bat (D:1)
  8 frilled lizards (D:1)
  5 kobolds (D:1)
  2 rats (D:1)
24 creatures vanquished.

Notes
Turn   | Place    | Note
-------+----------+-------------------------------------------
     0 | D:1      | Asceticacid the Ghoul Gladiator began the quest for the
                  | Orb.
     0 | D:1      | Reached XP level 1. HP: 17/17 MP: 1/1
   114 | D:1      | Reached XP level 2. HP: 21/24 MP: 2/2
   369 | D:1      | Reached XP level 3. HP: 23/29 MP: 3/3
   554 | D:1      | Quit the game

Illustrated notes

Levels and vault maps discovered:
D:1:      minmay_arrival_widening_spiral_wide, layout_rooms,
          hangedman_abyss_or_decor_stabs, minmay_lizard_pond

Skill      XL: |  1  2 |
---------------+-------+-----
Axes           | 3 |  3.5
Dodging        | 3 |  3.1
Fighting       | |  2.2
Throwing       | |  1.8
Armour         | |  0.1
Stealth        | |  0.2

Action                     || total
---------------------------++-------
  Melee: War axe           ||    53
 Armour: Leather armour    ||    32
  Dodge: Dodged            ||    42

Table legend: (Time is in decaauts)
 A = Elapsed time spent in this place.
 B = Non-inter-level travel time spent in this place.
 C = Inter-level travel time spent in this place.
 D = Time resting spent in this place.
 E = Time spent auto-exploring this place.
 F = Levels seen in this place.
 G = Mean time per level.
                   A        B        C        D        E       F      G
               +--------+--------+--------+--------+--------+-----+--------+
         Total |    572 |    572 |      0 |      0 |    433 |   1 |  572.0 |
       Dungeon |    572 |    572 |      0 |      0 |    433 |   1 |  572.0 |
               +--------+--------+--------+--------+--------+-----+--------+

Top non-repeatable levels by time:
     D:1: 572 daAuts
